[Event "Titled Tuesday Blitz October 25 Late 2022"]
[White "Rodriguez Santiago, Jaime"]
[Black "Phillips, Rene"]
[WhiteFideId "3100898"]
[BlackFideId "2056275"]
[WhiteElo "2025"]
[BlackElo "2033"]
[Result "1-0"]
[Round "04"]
[TimeControl "180+1"]
[Date "2022.10.26"]
[WhiteClock "0:00:22"]
[BlackClock "0:00:16"]

1. c4 Nc6 2. Nc3 e5 3. g3 Bb4 4. Bg2 Bxc3 5. dxc3 d6 6. e4 Nf6 7. Ne2 O-O 8. O-O b6 9. b3 Na5 10. a4 c5 11. h3 Be6 12. f4 Ne8 13. f5 Bc8 14. g4 Qh4 15. Be3 Bb7 16. Rb1 Qe7 17. g5 f6 18. g6 h6 19. Ng3 Nc7 20. Qh5 Rfd8 21. Bxh6 gxh6 22. Qxh6 Qg7 23. Qh4 Kf8 24. Nh5 Qe7 25. Nxf6 Qg7 26. Nh7+ Kg8 27. Ng5 Qh8 28. Qxh8+ Kxh8 29. Nf7+ Kg7 30. Nxd8 Rxd8 31. h4 Ne8 32. h5 Nf6 33. Bf3 Bxe4 34. Bxe4 Nxe4 35. b4 Nxc4 36. bxc5 dxc5 37. a5 Ncd2 38. Rfd1 Nf3+ 39. Kg2 Nh4+ 40. Kh3 Rxd1 41. Rxd1 Nf2+ 42. Kxh4 Nxd1 43. Kg5 Nxc3 44. h6+ Kg8 45. g7 Kh7 46. Kf6 e4 47. Kf7 Kxh6 48. g8=Q 1-0


[Site "https://www.chess.com"]

[Event "Titled Tuesday Blitz October 25 Late 2022"]
[White "Roque Sola, Gisela"]
[Black "Fernandez Siles, Luis"]
[WhiteFideId "5120241"]
[BlackFideId "2209420"]
[WhiteElo "1961"]
[BlackElo "2186"]
[Result "0-1"]
[Round "04"]
[TimeControl "180+1"]
[Date "2022.10.26"]
[WhiteClock "0:00:02"]
[BlackClock "0:00:04"]

1. c4 Nf6 2. Nc3 g6 3. Nf3 Bg7 4. g3 O-O 5. Bg2 d6 6. O-O c6 7. Rb1 Bf5 8. d3 Qd7 9. Re1 Bh3 10. Bh1 Qf5 11. Ng5 h6 12. Nxh3 Qxh3 13. Bg2 Qh5 14. e4 Qxd1 15. Nxd1 Nbd7 16. b4 e6 17. Bb2 Rac8 18. Ne3 Ne5 19. Rbd1 Nfg4 20. Nxg4 Nxg4 21. Bxg7 Kxg7 22. h3 Nf6 23. a4 Rfe8 24. b5 d5 25. bxc6 bxc6 26. cxd5 exd5 27. exd5 Rxe1+ 28. Rxe1 cxd5 29. Re7 a5 30. Ra7 Rc5 31. Bf1 h5 32. d4 Rc1 33. Rxa5 Rd1 34. Ra7 Rxd4 35. a5 Ra4 36. a6 Ne4 37. Rd7 d4 38. a7 Nc5 39. Rc7 Ne6 40. Rd7 Nc5 41. Rxd4 Rxa7 42. Bc4 Nd7 43. Kg2 Ne5 44. Rf4 Rc7 45. Bd5 g5 46. Ra4 f6 47. Ra6 Rd7 48. Be6 Re7 49. Bf5 h4 50. gxh4 gxh4 51. f4 Nc4 52. Kf3 Kf8 53. Kg4 Ne3+ 54. Kxh4 Nxf5+ 55. Kg4 Ne3+ 56. Kh5 Kg7 57. h4 Ng2 58. Kg4 Kf7 59. h5 Re8 60. h6 Rg8+ 61. Kf5 Nh4+ 62. Ke4 Rh8 63. Ra7+ Kg6 64. h7 Rxh7 65. f5+ Kh6 0-1


[Site "https://www.chess.com"]

[Event "Titled Tuesday Blitz October 25 Late 2022"]
[White "Rose, Felix"]
[Black "Papp, Petra"]
[WhiteFideId "5105722"]
[BlackFideId "739049"]
[WhiteElo "2039"]
[BlackElo "2259"]
[Result "0-1"]
[Round "04"]
[TimeControl "180+1"]
[Date "2022.10.26"]
[WhiteClock "0:00:02"]
[BlackClock "0:00:37"]

1. e4 e5 2. Nf3 Nc6 3. Bb5 a6 4. Ba4 Nf6 5. O-O b5 6. Bb3 Bc5 7. a4 Rb8 8. axb5 axb5 9. c3 d6 10. h3 O-O 11. d4 Bb6 12. Re1 h6 13. Bc2 Re8 14. Na3 Bb7 15. d5 Ne7 16. Nxb5 Ng6 17. c4 Nh5 18. Be3 Bxe3 19. fxe3 Bc8 20. Ra7 Rb7 21. Rxb7 Bxb7 22. Kh2 Bc8 23. b4 Nh4 24. Rf1 Bd7 25. Nxc7 Nxg2 26. Nxe8 Nxe3 27. Qe2 Nxf1+ 28. Qxf1 Bxe8 29. c5 dxc5 30. bxc5 Qf6 31. Qf2 Bd7 32. c6 Bc8 33. Bd1 Nf4 34. Ng1 Qg6 35. Bg4 Nd3 0-1


[Site "https://www.chess.com"]

[Event "Titled Tuesday Blitz October 25 Late 2022"]
[White "Rosenberg, Evan S"]
[Black "Rostomyan, Mikayel"]
[WhiteFideId "2019299"]
[BlackFideId "13313754"]
[WhiteElo "2370"]
[BlackElo "2018"]
[Result "0-1"]
[Round "04"]
[TimeControl "180+1"]
[Date "2022.10.26"]
[WhiteClock "0:00:49"]
[BlackClock "0:01:38"]

1. d4 Nf6 2. Nf3 c5 3. d5 b5 4. c4 Bb7 5. Nbd2 e6 6. e4 exd5 7. e5 Ne4 8. cxd5 Bxd5 9. Nxe4 Bxe4 10. Ng5 Bc6 11. Bd3 Be7 12. Nxh7 c4 13. Bf5 g6 14. e6 dxe6 0-1


[Site "https://www.chess.com"]

[Event "Titled Tuesday Blitz October 25 Late 2022"]
[White "Runets, Ivan"]
[Black "Arabidze, Meri"]
[WhiteFideId "13511564"]
[BlackFideId "13604040"]
[WhiteElo "2076"]
[BlackElo "2403"]
[Result "0-1"]
[Round "04"]
[TimeControl "180+1"]
[Date "2022.10.26"]
[WhiteClock "0:00:07"]
[BlackClock "0:01:32"]

1. d4 Nf6 2. c4 e6 3. Nc3 Bb4 4. e3 b6 5. Bd3 Bb7 6. Nf3 Ne4 7. O-O Bxc3 8. bxc3 f5 9. Ne5 O-O 10. f3 Nf6 11. Be2 d6 12. Nd3 Qe7 13. Ba3 c5 14. Qd2 Nc6 15. Nf4 Na5 16. d5 e5 17. Nh3 Ba6 18. Bd3 Bxc4 19. e4 f4 20. Rab1 h6 21. Qe2 Bxd3 22. Qxd3 Qd7 23. Bc1 Qa4 24. Rf2 Qc4 25. Qxc4 Nxc4 26. g3 g5 27. gxf4 exf4 28. Kf1 Nd7 29. Ng1 Nde5 30. h4 Kf7 31. hxg5 hxg5 32. Rg2 Kf6 33. Kf2 Rh8 34. Ne2 Rh3 35. Ng1 Rh1 36. a4 Rah8 37. Ra1 R8h2 38. Ne2 Nd3# 0-1


[Site "https://www.chess.com"]

[Event "Titled Tuesday Blitz October 25 Late 2022"]
[White "Sadhwani, Raunak"]
[Black "Leschinsky, Gary"]
[WhiteFideId "35093487"]
[BlackFideId "30951321"]
[WhiteElo "2656"]
[BlackElo "1855"]
[Result "1-0"]
[Round "04"]
[TimeControl "180+1"]
[Date "2022.10.26"]
[WhiteClock "0:02:23"]
[BlackClock "0:02:05"]

1. d4 d5 2. Nc3 Nf6 3. Bf4 c5 4. e3 cxd4 5. exd4 a6 6. Nf3 Bg4 7. Be2 Nc6 8. O-O e6 9. h3 Bh5 10. Ne5 Bxe2 11. Nxe2 Bd6 12. Nf3 Rc8 13. c3 h6 14. Bxd6 Qxd6 15. Nc1 O-O 16. Nd3 b5 17. b4 Ne4 18. Rc1 a5 19. a3 axb4 20. axb4 Ra8 21. Nc5 f5 22. Qe2 Rfb8 23. Nd2 Ra2 24. Ndxe4 1-0


[Site "https://www.chess.com"]

[Event "Titled Tuesday Blitz October 25 Late 2022"]
[White "Sailer, Mike"]
[Black "Becerra, Juan David"]
[WhiteFideId "2012901"]
[BlackFideId "4404998"]
[WhiteElo "2109"]
[BlackElo "2278"]
[Result "1-0"]
[Round "04"]
[TimeControl "180+1"]
[Date "2022.10.26"]
[WhiteClock "0:00:22"]
[BlackClock "0:00:02"]

1. d4 e6 2. Nc3 Nf6 3. Bf4 d5 4. Nb5 Bd6 5. Nxd6+ cxd6 6. e3 Nc6 7. c3 O-O 8. Bd3 e5 9. Bg5 h6 10. Bh4 Re8 11. Ne2 Bg4 12. f3 exd4 13. fxg4 g5 14. Bg3 dxe3 15. h3 Ne5 16. O-O Kg7 17. Bf5 Qb6 18. Rb1 Nfd7 19. Qxd5 Nc5 20. b4 Na4 21. Bc2 Nxc3 22. Nxc3 e2+ 23. Rf2 Nf3+ 24. Qxf3 e1=Q+ 25. Rxe1 Rxe1+ 26. Kh2 Qc7 27. Qf6+ Kg8 28. Nd5 Qc4 29. Qxf7+ 1-0


[Site "https://www.chess.com"]

[Event "Titled Tuesday Blitz October 25 Late 2022"]
[White "Sargsyan, Anna M."]
[Black "Garayev, Kanan"]
[WhiteFideId "13308130"]
[BlackFideId "13406671"]
[WhiteElo "2284"]
[BlackElo "2244"]
[Result "1-0"]
[Round "04"]
[TimeControl "180+1"]
[Date "2022.10.26"]
[WhiteClock "0:00:03"]
[BlackClock "0:00:05"]

1. d4 d5 2. c4 e6 3. Nf3 a6 4. Nc3 dxc4 5. a4 Nc6 6. e3 Na5 7. Ne5 Bb4 8. Nxc4 c5 9. dxc5 Qxd1+ 10. Kxd1 Nxc4 11. Bxc4 Bxc5 12. Ke2 Nf6 13. Rd1 Bd7 14. e4 Bc6 15. Bg5 Nxe4 16. Nxe4 Bxe4 17. f3 Bc6 18. Rac1 Bxa4 19. b3 Bc6 20. Bxe6 Ba3 21. Rxc6 bxc6 22. Bd7+ Kf8 23. Bxc6 Rc8 24. Bd7 Rb8 25. Ba4 Be7 26. Bf4 Rd8 27. Rc1 g5 28. Bc7 Rc8 29. Bd7 Ra8 30. Bc6 Rc8 31. Bd7 Ra8 32. Bc6 Kg7 33. Bxa8 Rxa8 34. Be5+ Kg6 35. Rc7 Re8 36. Kd3 f6 37. Bc3 Rd8+ 38. Kc2 Bd6 39. Rc6 a5 40. Bxa5 Rd7 41. Bc3 Kf5 42. b4 g4 43. fxg4+ Kxg4 44. b5 Bxh2 45. b6 f5 46. Kb3 Kg3 47. Be5+ Kxg2 48. Rc2+ Kf3 49. Bxh2 f4 50. Rc4 Rb7 51. Rb4 h5 52. Bxf4 h4 53. Bc7 h3 54. Rh4 Kg2 55. Rg4+ Kf2 56. Kc4 Kf1 57. Kb5 Rxc7 58. bxc7 h2 59. Rh4 Kg2 60. Rxh2+ 1-0


[Site "https://www.chess.com"]

[Event "Titled Tuesday Blitz October 25 Late 2022"]
[White "Schuster, Karsten"]
[Black "Butolo, Alexandru-Mircea"]
[WhiteFideId "4611071"]
[BlackFideId "1261649"]
[WhiteElo "2294"]
[BlackElo "1897"]
[Result "1-0"]
[Round "04"]
[TimeControl "180+1"]
[Date "2022.10.26"]
[WhiteClock "0:02:26"]
[BlackClock "0:01:10"]

1. d4 Nf6 2. c4 e6 3. Nc3 Bb4 4. Qc2 d5 5. cxd5 exd5 6. Bg5 c5 7. Nf3 Nc6 8. Rd1 h6 9. Bxf6 Qxf6 10. a3 Bf5 11. Qb3 c4 12. Qa4 Bxc3+ 13. bxc3 O-O 14. e3 Qg6 15. Nh4 Qg4 16. Nxf5 Qxf5 17. Be2 a6 18. Rc1 b5 19. Qd1 Qg6 20. O-O Ne7 21. Bf3 Qd6 22. e4 Qxa3 23. exd5 Qd6 24. Re1 Nxd5 25. Re5 Nf4 26. Bxa8 Rxa8 27. Qf3 Nd3 28. Qxa8+ Kh7 29. Qe4+ 1-0


[Site "https://www.chess.com"]

[Event "Titled Tuesday Blitz October 25 Late 2022"]
[White "Senthil Maran K"]
[Black "Mickiewicz, Piotr"]
[WhiteFideId "25035681"]
[BlackFideId "1114891"]
[WhiteElo "2109"]
[BlackElo "2246"]
[Result "1-0"]
[Round "04"]
[TimeControl "180+1"]
[Date "2022.10.26"]
[WhiteClock "0:00:22"]
[BlackClock "0:00:10"]

1. c4 g6 2. Nf3 Bg7 3. g3 d6 4. Bg2 Nf6 5. d4 O-O 6. O-O Nc6 7. Nc3 Bf5 8. b3 Ne4 9. Bb2 Nxc3 10. Bxc3 Be4 11. Qd2 d5 12. Rad1 e6 13. Bh3 Bxf3 14. exf3 a5 15. f4 a4 16. Bg2 axb3 17. axb3 Ne7 18. Ra1 Qd7 19. Qb2 Nf5 20. Rxa8 Rxa8 21. Ra1 Rd8 22. c5 Ne7 23. b4 h5 24. b5 Kh7 25. Ra7 Rb8 26. Bf1 Nf5 27. Bd3 Nh6 28. Qe2 Kg8 29. Qa2 Qd8 30. Qa5 Kh7 31. b6 cxb6 32. Qxb6 Qxb6 33. cxb6 Rc8 34. Bb2 Nf5 35. Bxf5 gxf5 36. Rxb7 Rc2 37. Ba3 Bxd4 38. Rxf7+ Kg6 39. b7 Rxf2 40. Kh1 Rf1+ 41. Kg2 Rb1 42. Re7 Kf6 43. Bd6 Rb2+ 44. Kf1 h4 45. gxh4 Be3 46. Rd7 Ba7 47. h5 d4 48. Be5# 1-0


[Site "https://www.chess.com"]

[Event "Titled Tuesday Blitz October 25 Late 2022"]
[White "Shapiro, Daniel"]
[Black "Silva Rosas, Natalia"]
[WhiteFideId "2001780"]
[BlackFideId "3000575"]
[WhiteElo "2231"]
[BlackElo "1752"]
[Result "1-0"]
[Round "04"]
[TimeControl "180+1"]
[Date "2022.10.26"]
[WhiteClock "0:00:51"]
[BlackClock "0:00:03"]

1. d4 Nf6 2. c4 e5 3. dxe5 Ng4 4. Bf4 Nc6 5. Nf3 Bc5 6. e3 Bb4+ 7. Nbd2 Qe7 8. Be2 Ngxe5 9. Nxe5 Nxe5 10. O-O Bxd2 11. Qxd2 O-O 12. Rac1 d6 13. c5 dxc5 14. Qd5 Re8 15. Rfd1 c6 16. Qxe5 Qxe5 17. Bxe5 Be6 18. Rxc5 Bxa2 19. Bc3 Bb3 20. Rd7 a5 21. Rxb7 a4 22. Bb4 Rac8 23. Bc4 Bxc4 24. Rxc4 Red8 25. g3 Rd1+ 26. Kg2 a3 27. Bxa3 h6 28. Rf4 Rf8 29. Bxf8 1-0


[Site "https://www.chess.com"]

[Event "Titled Tuesday Blitz October 25 Late 2022"]
[White "Sibilio, Mario"]
[Black "Sernecki, Franciszek"]
[WhiteFideId "800422"]
[BlackFideId "1169297"]
[WhiteElo "2296"]
[BlackElo "2209"]
[Result "1-0"]
[Round "04"]
[TimeControl "180+1"]
[Date "2022.10.26"]
[WhiteClock "0:01:04"]
[BlackClock "0:02:13"]

1. Nf3 c5 2. e4 e6 3. b3 d5 4. Bb5+ Bd7 5. Qe2 Bxb5 6. Qxb5+ Qd7 7. Qxd7+ Nxd7 8. exd5 exd5 9. d4 Ngf6 10. O-O Be7 11. Re1 Kd8 12. Nc3 cxd4 13. Nxd4 Bb4 14. Bd2 Bxc3 15. Bxc3 Ne4 16. Bb2 Re8 17. f3 Nec5 18. Rxe8+ Kxe8 19. Re1+ Kf8 20. Nf5 g6 21. Nd6 b6 22. Bc1 Rd8 23. Bh6+ Kg8 24. Re7 Nd3 25. cxd3 1-0


[Site "https://www.chess.com"]

[Event "Titled Tuesday Blitz October 25 Late 2022"]
[White "Sivakumar, Shaaketh"]
[Black "Pakleza, Zbigniew"]
[WhiteFideId "30940176"]
[BlackFideId "1119290"]
[WhiteElo "2174"]
[BlackElo "2411"]
[Result "1-0"]
[Round "04"]
[TimeControl "180+1"]
[Date "2022.10.26"]
[WhiteClock "0:00:10"]
[BlackClock "0:00:03"]

1. d4 d6 2. e4 Nf6 3. Nc3 c6 4. Be3 Qb6 5. Rb1 Ng4 6. Bc1 e5 7. Nf3 Nd7 8. h3 Ngf6 9. Be3 Qc7 10. a4 a6 11. Bc4 Be7 12. O-O O-O 13. Qe2 b5 14. Bd3 Re8 15. Rfe1 Bf8 16. Qf1 Bb7 17. Rbd1 exd4 18. Bxd4 b4 19. Na2 c5 20. Bxf6 Nxf6 21. c3 Nxe4 22. cxb4 cxb4 23. Nxb4 Nc5 24. Bc4 Bxf3 25. gxf3 Qb6 26. Nd5 Qxb2 27. Rxe8 Rxe8 28. Re1 Rxe1 29. Qxe1 Qe5 30. Qd2 Nxa4 31. Bxa6 Nc5 32. Bf1 Ne6 33. f4 Qd4 34. Qxd4 Nxd4 35. Kg2 g6 36. Bc4 Kg7 37. Kg3 f5 38. f3 Kf7 39. Kf2 Bh6 40. Ke3 Nc2+ 41. Kf2 Kf8 42. Kg3 Bg7 43. Kf2 Bd4+ 44. Ke2 Bc5 45. Bd3 Nd4+ 46. Kf2 Kg7 47. Kg3 Kh6 48. Bc4 Nc2 49. Nf6 Kg7 50. Nd5 Nd4 51. Ba2 Nc6 52. Bc4 Na5 53. Bd3 Kf7 54. Nc7 Ke7 55. Nd5+ Ke6 56. Nc7+ Kd7 57. Nd5 Kc6 58. Ne7+ Kb6 59. Nd5+ Kb7 60. Nf6 Bd4 61. Nxh7 Bg7 62. Ng5 Kc7 63. Ne6+ Kc6 64. Nxg7 Kd5 65. h4 Kd4 66. h5 gxh5 67. Bxf5 d5 68. Nxh5 Nc4 69. Bh7 Ne3 70. Nf6 Kc5 71. Ng4 Nc4 72. f5 d4 73. f6 Nd6 74. Bg6 Kd5 75. f7 Nxf7 76. Bxf7+ Kc5 77. Nf2 Kb4 78. Bg6 Kc3 79. Bd3 Kd2 80. f4 Ke3 81. f5 1-0


[Site "https://www.chess.com"]

[Event "Titled Tuesday Blitz October 25 Late 2022"]
[White "Sjugirov, Sanan"]
[Black "Milikow, Yoav"]
[WhiteFideId "4189302"]
[BlackFideId "2822237"]
[WhiteElo "2609"]
[BlackElo "2341"]
[Result "0-1"]
[Round "04"]
[TimeControl "180+1"]
[Date "2022.10.26"]
[WhiteClock "0:00:02"]
[BlackClock "0:01:09"]

1. d4 d5 2. Nf3 Nf6 3. Bf4 e6 4. e3 c5 5. Nbd2 Nc6 6. c3 cxd4 7. exd4 Nh5 8. Be3 Bd6 9. g3 O-O 10. Bd3 f5 11. Nb3 f4 12. Bd2 Qe8 13. Qe2 e5 14. dxe5 Bxe5 15. O-O-O Bg4 16. Bxh7+ Kh8 17. Qd3 Bxf3 18. Qxf3 Kxh7 19. Qxd5 Rd8 20. Qb5 Qf7 21. g4 Nf6 22. f3 Kg8 23. Rhe1 Rfe8 24. Re2 a6 25. Qa4 Qd5 26. Rf2 Bc7 27. Rff1 Ne5 28. Nd4 Qc4 29. Qb3 Rxd4 30. Qxb7 Rd7 31. Bxf4 Qxf4+ 0-1


[Site "https://www.chess.com"]

[Event "Titled Tuesday Blitz October 25 Late 2022"]
[White "Sorokin, Aleksey"]
[Black "Boruchovsky, Avital"]
[WhiteFideId "24176460"]
[BlackFideId "2800055"]
[WhiteElo "2941"]
[BlackElo "2807"]
[Result "1/2-1/2"]
[Round "04"]
[TimeControl "180+1"]
[Date "2022.10.26"]
[WhiteClock "0:01:02"]
[BlackClock "0:00:13"]

1. c4 c5 2. Nf3 Nc6 3. Nc3 g6 4. g3 Bg7 5. Bg2 e5 6. O-O Nge7 7. a3 O-O 8. Rb1 a5 9. d3 d6 10. Bg5 h6 11. Bd2 f5 12. Ne1 Be6 13. Nc2 d5 14. cxd5 Nxd5 15. Ne3 Nde7 16. Nc4 Rb8 17. Nb5 e4 18. Bc3 Bxc3 19. bxc3 Bxc4 20. dxc4 Ne5 21. Qc1 Kh7 22. Rd1 Qc8 23. Nd6 Qc6 24. Qf4 Nd7 25. f3 g5 26. Qe3 Ne5 27. h4 gxh4 28. gxh4 Rbd8 29. Rxb7 Qxb7 30. Nxb7 Rxd1+ 31. Kh2 Rg8 32. Qxc5 N7g6 33. h5 Nf4 34. Bh3 Nxf3+ 35. exf3 Rd2+ 36. Kh1 Rd1+ 37. Kh2 Rd2+ 38. Kh1 Rd1+ 39. Kh2 1/2-1/2


[Site "https://www.chess.com"]

[Event "Titled Tuesday Blitz October 25 Late 2022"]
[White "Souleidis, Georgios"]
[Black "Li, Ben"]
[WhiteFideId "4206827"]
[BlackFideId "2089980"]
[WhiteElo "2401"]
[BlackElo "2267"]
[Result "1/2-1/2"]
[Round "04"]
[TimeControl "180+1"]
[Date "2022.10.26"]
[WhiteClock "0:00:29"]
[BlackClock "0:00:19"]

1. e4 e5 2. Nc3 Nc6 3. f4 exf4 4. Nf3 g5 5. g3 g4 6. Nh4 f3 7. d4 d6 8. Be3 Be7 9. Qd2 Bxh4 10. gxh4 Qxh4+ 11. Bf2 Qd8 12. O-O-O Nge7 13. h3 Ng6 14. hxg4 Bxg4 15. Rh6 Qd7 16. Bb5 a6 17. Ba4 b5 18. Nxb5 axb5 19. Bxb5 Rb8 20. Ba4 Ra8 21. Bb5 Rb8 22. Ba4 Ra8 23. Bb5 Rb8 1/2-1/2


[Site "https://www.chess.com"]

[Event "Titled Tuesday Blitz October 25 Late 2022"]
[White "Srbis, Jurica"]
[Black "Potapova, Margarita"]
[WhiteFideId "14515555"]
[BlackFideId "14126869"]
[WhiteElo "2481"]
[BlackElo "2150"]
[Result "1-0"]
[Round "04"]
[TimeControl "180+1"]
[Date "2022.10.26"]
[WhiteClock "0:00:25"]
[BlackClock "0:00:10"]

1. e4 e5 2. Nf3 Nc6 3. Bb5 Nf6 4. d3 Bc5 5. c3 d5 6. Nbd2 O-O 7. O-O dxe4 8. dxe4 Qe7 9. h3 Nd8 10. Qc2 c6 11. Be2 Bd6 12. Nc4 Bc7 13. a4 Ne6 14. Ncxe5 Nc5 15. Nc4 Qxe4 16. Qxe4 Ncxe4 17. Be3 Be6 18. Rfe1 Rfe8 19. a5 Nd5 20. Bd4 c5 21. Be5 Bxe5 22. Nfxe5 Nf4 23. Bf3 Bxc4 24. Nxc4 f5 25. Rad1 Rad8 26. Rxd8 Rxd8 27. Bxe4 fxe4 28. Rxe4 Nd5 29. Re6 Kf7 30. Rd6 Ke7 31. Rxd8 Kxd8 32. Nd6 b6 33. axb6 axb6 34. Kf1 Nf4 35. Nc4 Kc7 36. h4 b5 37. Ne3 g6 38. g3 Nd3 39. Nd1 Kd6 40. Ke2 c4 41. b4 Ke5 42. f3 h6 43. Nf2 Nc1+ 44. Kd1 Nb3 45. Ng4+ Kf5 46. Nxh6+ Kf6 47. Ng4+ Kf5 48. Nf2 g5 49. hxg5 Kxg5 50. Ne4+ Kf5 51. Nd6+ 1-0


[Site "https://www.chess.com"]

[Event "Titled Tuesday Blitz October 25 Late 2022"]
[White "Suder, Jakub"]
[Black "Kamsky, Gata"]
[WhiteFideId "1195310"]
[BlackFideId "2000024"]
[WhiteElo "2174"]
[BlackElo "2666"]
[Result "1/2-1/2"]
[Round "04"]
[TimeControl "180+1"]
[Date "2022.10.26"]
[WhiteClock "0:00:08"]
[BlackClock "0:00:03"]

1. d4 g6 2. c4 Bg7 3. Nc3 d6 4. e4 Nf6 5. Nf3 O-O 6. Be2 e5 7. O-O c6 8. d5 c5 9. Ne1 Ne8 10. a3 f5 11. b4 Na6 12. Nd3 b6 13. bxc5 Nxc5 14. Nxc5 dxc5 15. exf5 gxf5 16. a4 e4 17. Bb2 Nd6 18. Qc2 f4 19. f3 e3 20. Nb5 Bf5 21. Qb3 Rf7 22. Rad1 a6 23. Nxd6 Qxd6 24. Bxg7 Rxg7 25. Kh1 h5 26. Bd3 Rf8 27. Bxf5 Rxf5 28. Rg1 h4 29. Qd3 Re5 30. Rde1 Qd7 31. Qb3 Rg6 32. Re2 Reg5 33. Ree1 Kh7 34. Qb1 Kh6 35. Qe4 Qf5 36. Qe8 Kh7 37. a5 bxa5 38. Rb1 Rg8 39. Rb7+ Kh8 40. Qe7 h3 41. g4 fxg3 42. hxg3 Qxf3+ 43. Kh2 Qf2+ 44. Kh1 Qf3+ 45. Kh2 Qf2+ 46. Kh1 Qf3+ 1/2-1/2


[Site "https://www.chess.com"]

[Event "Titled Tuesday Blitz October 25 Late 2022"]
[White "Svane, Rasmus"]
[Black "Wieczorek, Oskar"]
[WhiteFideId "4657101"]
[BlackFideId "1133950"]
[WhiteElo "2674"]
[BlackElo "2404"]
[Result "1-0"]
[Round "04"]
[TimeControl "180+1"]
[Date "2022.10.26"]
[WhiteClock "0:00:17"]
[BlackClock "0:00:06"]

1. Nf3 Nf6 2. g3 g6 3. Bg2 Bg7 4. O-O O-O 5. d4 d5 6. c4 c6 7. Qb3 a5 8. Rd1 a4 9. Qb4 dxc4 10. Qxc4 b5 11. Qc3 Be6 12. Qe1 Qb6 13. e4 Rd8 14. h3 Na6 15. Be3 Qc7 16. Nbd2 Nb4 17. Qe2 Nc2 18. Rac1 Nxe3 19. Qxe3 Bxa2 20. d5 Nxd5 21. exd5 Bxd5 22. Qa3 Qa5 23. b4 axb3 24. Qxa5 Rxa5 25. Nxb3 Ra3 26. Nbd4 Rd6 27. Nc2 Rc3 28. Ne3 Rxc1 29. Rxc1 Be6 30. Ng5 Bd7 31. Ne4 Rd4 32. Nc5 Be8 33. Nb3 Rb4 34. Na5 Bb2 35. Rc2 c5 36. Rxc5 Bd4 37. Rc8 Kf8 38. Bc6 1-0


[Site "https://www.chess.com"]

[Event "Titled Tuesday Blitz October 25 Late 2022"]
[White "Sztokbant, Bernardo Vainzoff"]
[Black "Szpar, Milosz"]
[WhiteFideId "2115956"]
[BlackFideId "1184989"]
[WhiteElo "2171"]
[BlackElo "2422"]
[Result "1/2-1/2"]
[Round "04"]
[TimeControl "180+1"]
[Date "2022.10.26"]
[WhiteClock "0:00:05"]
[BlackClock "0:00:05"]

1. e4 c5 2. Nf3 e6 3. d4 cxd4 4. Nxd4 Nf6 5. Nc3 Nc6 6. Ndb5 Bb4 7. a3 Bxc3+ 8. Nxc3 d5 9. exd5 exd5 10. Bd3 O-O 11. O-O d4 12. Ne2 Bg4 13. Bf4 Nd5 14. Bg3 Qb6 15. Qd2 Bxe2 16. Qxe2 Qxb2 17. Rab1 Qxa3 18. Bxh7+ Kxh7 19. Qh5+ Kg8 20. Qxd5 Nb4 21. Qxd4 Nxc2 22. Qe4 Rac8 23. Qxb7 a5 24. Rbd1 Qb4 25. Qa6 Rfd8 26. h4 Nd4 27. Be5 Nf5 28. h5 Qg4 29. h6 Nxh6 30. Rxd8+ Rxd8 31. Qxa5 Rd1 32. f3 Qd7 33. Qa8+ Kh7 34. Qe4+ g6 35. Bc3 Rxf1+ 36. Kxf1 Nf5 37. Qe5 Qd1+ 38. Kf2 Qc2+ 39. Kg1 Qc1+ 40. Kh2 Qh6+ 41. Kg1 Qf8 42. Qf6 Ng7 43. Qh4+ Kg8 44. Qf6 Qc5+ 45. Kh2 Qf8 46. Kg1 Kh7 47. Kh1 Nh5 48. Qe5 f6 49. Qd4 Qe7 50. Kh2 Qe6 51. Qa7+ Kh6 52. Qd4 g5 53. Bd2 Kg6 54. Qe4+ Qxe4 55. fxe4 Kf7 56. Kh3 Ke6 57. Kg4 Ng7 58. Bxg5 fxg5 59. Kxg5 Ke5 60. Kg6 Ne6 61. g4 Kxe4 62. Kf6 Kf4 63. Kxe6 Kxg4 1/2-1/2


[Site "https://www.chess.com"]

[Event "Titled Tuesday Blitz October 25 Late 2022"]
[White "Tayar, Jonathan"]
[Black "Brown, Andrew"]
[WhiteFideId "2606534"]
[BlackFideId "3206513"]
[WhiteElo "2406"]
[BlackElo "2245"]
[Result "0-1"]
[Round "04"]
[TimeControl "180+1"]
[Date "2022.10.26"]
[WhiteClock "0:00:13"]
[BlackClock "0:00:08"]

1. e4 g6 2. d4 Bg7 3. Nc3 c6 4. Bc4 d6 5. Qf3 e6 6. Nge2 d5 7. Bb3 h5 8. h4 Nh6 9. Bg5 Qb6 10. O-O-O O-O 11. Kb1 a5 12. a3 Nd7 13. Qf4 Kh7 14. f3 dxe4 15. fxe4 Ng4 16. Be7 Bh6 17. Qf3 Kg7 18. Rhf1 f5 19. Bxf8+ Nxf8 20. exf5 exf5 21. Qg3 Be6 22. d5 Bf7 23. Nf4 Qe3 24. Rf3 Bxf4 25. Qxf4 Qxf4 26. Rxf4 c5 27. d6 Bxb3 28. cxb3 Rd8 29. Rd5 Ne6 30. Rf1 Nf6 31. Rxc5 Nxc5 32. b4 axb4 33. axb4 Nd3 34. b5 Rxd6 35. Rf3 Nc5 36. Kc2 Nfe4 37. b4 Rd2+ 38. Kc1 Nb3+ 39. Kb1 Nd4 40. Re3 Nxc3+ 41. Rxc3 Rxg2 42. Rc7+ Kf6 43. Rxb7 Rg4 44. b6 Ne6 45. b5 Rb4+ 46. Kc2 Rxb5 47. Rb8 f4 48. Kd2 Ke5 49. Ke2 Ke4 50. Kf2 Rb2+ 51. Kg1 Nd4 52. Re8+ Kf3 53. b7 Rxb7 54. Re1 Ne2+ 55. Kh2 Ng3 56. Kh3 Kf2 57. Rc1 f3 58. Rc2+ Ne2 59. Rc6 Rb1 60. Rxg6 Rh1# 0-1


[Site "https://www.chess.com"]

[Event "Titled Tuesday Blitz October 25 Late 2022"]
[White "Thomforde-Toates, Noah"]
[Black "Makaraci, Tunahan"]
[WhiteFideId "30951992"]
[BlackFideId "6356559"]
[WhiteElo "2659"]
[BlackElo "2175"]
[Result "1-0"]
[Round "04"]
[TimeControl "180+1"]
[Date "2022.10.26"]
[WhiteClock "0:00:31"]
[BlackClock "0:00:25"]

1. d4 d5 2. Nc3 c5 3. e4 Nf6 4. exd5 Nxd5 5. Nf3 Nc6 6. Bc4 Nb6 7. Bb5 cxd4 8. Nxd4 Bd7 9. Be3 e6 10. O-O Be7 11. Nxc6 Bxc6 12. Qg4 O-O 13. Rad1 Nd5 14. Nxd5 exd5 15. Bd3 Bf6 16. c3 Re8 17. Rfe1 Bd7 18. Qh5 g6 19. Qxd5 Bc6 20. Qxd8 Raxd8 21. Bc2 b6 22. a4 Kg7 23. Kf1 h5 24. Bf4 Rxd1 25. Rxd1 g5 26. Be3 h4 27. g3 hxg3 28. hxg3 Bf3 29. Rd6 Be5 30. Rd7 Bxg3 31. Bxg5 Bb8 32. Be3 Rh8 33. Bd4+ 1-0


[Site "https://www.chess.com"]

[Event "Titled Tuesday Blitz October 25 Late 2022"]
[White "Tokhirjonova, Gulrukhbegim"]
[Black "Aguilar, Juan"]
[WhiteFideId "14203626"]
[BlackFideId "3800091"]
[WhiteElo "2236"]
[BlackElo "2431"]
[Result "1-0"]
[Round "04"]
[TimeControl "180+1"]
[Date "2022.10.26"]
[WhiteClock "0:00:55"]
[BlackClock "0:00:10"]

1. e4 c5 2. Nf3 d6 3. d4 cxd4 4. Nxd4 Nf6 5. Nc3 a6 6. h3 e5 7. Nde2 h5 8. g3 Be6 9. Bg2 Nbd7 10. Be3 Rc8 11. a4 Be7 12. Qd2 O-O 13. O-O Nb6 14. b3 d5 15. Bxb6 Qxb6 16. Nxd5 Bxd5 17. exd5 Bb4 18. c3 Bd6 19. Rab1 e4 20. c4 Bc5 21. a5 Qa7 22. Qg5 Rfe8 23. b4 Bf8 24. Rfc1 e3 25. f4 Ne4 26. Bxe4 Rxe4 27. c5 Rce8 28. Qxh5 g6 29. Qf3 Qb8 30. d6 Qd8 31. Kg2 Qd7 32. Rb3 Bg7 33. Rf1 Qe6 34. Rbb1 Rc4 35. f5 Qe5 36. fxg6 fxg6 37. Qf7+ Kh7 38. Nf4 Qe4+ 39. Kg1 Rc2 40. Rbe1 e2 41. Rf2 Rf8 42. Qe7 Qd4 43. Rxe2 Rxe2 44. Qxe2 g5 45. Qc2+ Kh8 46. Ng6+ Kg8 47. Nxf8 Bxf8 48. Qb3+ 1-0


[Site "https://www.chess.com"]